 Dungeon Crawl Stone Soup version 0.22-a0-355-g201945f (webtiles) character file.

15 Klosterheim the Grave Robber (level 2, -1/19 HPs)
             Began as a Vampire Necromancer on Apr 18, 2018.
             Slain by a jackal (2 damage)
             ... on level 1 of the Dungeon.
             The game lasted 00:01:53 (702 turns).

Klosterheim the Grave Robber (Vampire Necromancer)   Turns: 702, Time: 00:01:54

Health: -1/19      AC:  2    Str:  7    XL:     2   Next: 34%
Magic:  0/5        EV: 13    Int: 17    God:
Gold:   19         SH:  0    Dex: 14    Spells: 4/5 levels left

rFire    . . .     SeeInvis +   (no weapon)
rCold    . . .     Gourm    .   (no shield)
rNeg     + . .     Faith    .   a - +0 robe
rPois    .         Spirit   .   (no helmet)
rElec    .         Reflect  .   (no cloak)
rCorr    .         Harm     .   (no gloves)
MR       .....                  (no boots)
Stlth    ++........             (no amulet)
HPRegen  0.06/turn              (no ring)
MPRegen  0.09/turn              (no ring)

@: no status effects
A: fangs 3, see invisible, unbreathing
a: no special abilities


You were on level 1 of the Dungeon.
You were not thirsty.

You visited 1 branch of the dungeon, and saw 1 of its levels.

You collected 19 gold pieces.

Inventory:

Armour
 a - a +0 robe (worn)
Scrolls
 b - a scroll of magic mapping {unknown}
 d - a scroll of blinking {unknown}
Potions
 c - 6 potions of blood


   Skills:
 * Level 2.6 Dodging
 + Level 3.3 Stealth
 + Level 2.1 Spellcasting
 * Level 4.6 Necromancy


You had 4 spell levels left.
You knew the following spells:

 Your Spells              Type           Power        Failure   Level  Hunger
a - Pain                  Necr           ###.         2%          1    #......


Dungeon Overview and Level Annotations

Branches:
Dungeon (1/15)

Altars:


Innate Abilities, Weirdness & Mutations

You have razor-sharp teeth.
You have supernaturally acute eyesight. (SInv)
You can survive without breathing.


Message History

The jackal writhes in agony!
You kill the jackal!
The jackal barely misses you.
Casting: Pain (safe; 2% risk of failure)
Confirm with . or Enter, or press ? or * to list all spells.
Aiming: Pain (safe; 2% risk of failure)
Press: ? - help, Shift-Dir - straight line, f - jackal
Aim: a jackal (chance to defeat MR: 87%)
The jackal writhes in agony!
The jackal bites you.
* * * LOW HITPOINT WARNING * * *
Casting: Pain (safe; 2% risk of failure)
Confirm with . or Enter, or press ? or * to list all spells.
Aiming: Pain (safe; 2% risk of failure)
Press: ? - help, Shift-Dir - straight line, f/p - jackal
Aim: a jackal (lightly wounded, chance to defeat MR: 87%)
The jackal barely resists.
The jackal bites you.
* * * LOW HITPOINT WARNING * * *
The jackal closely misses you.
Yummy - fresh blood!
The jackal bites you.
You die...

######### #?..# #.♣.
#..............#######.♣P
##.#####[. ...........)♣P
#........####...######..♣.
#..####..##..>..# #..♣.
#..##...........## #...♣
#..##.##.##.#....# ##...
#..##.##.##.#....# ####
#........@h......########.
#.###.##.##.#...........#.
#.# #.##.##.#...#######.#.
#.# #.......#...######..).
#.# ####.####....÷........
#.# #.# #.......##...# #.#
#.# #..####.###... #.# #.#
#....##.###### #.# #.#
#..#.#...#####


You could see a jackal.

Vanquished Creatures
  4 goblins (D:1)
  A hobgoblin (D:1)
  2 jackals (D:1)
  A bat (D:1)
  4 kobolds (D:1)
  2 rats (D:1)
14 creatures vanquished.

Notes
Turn   | Place    | Note
-------+----------+-------------------------------------------
     0 | D:1      | Klosterheim the Vampire Necromancer began the quest for the Orb.
     0 | D:1      | Reached XP level 1. HP: 13/13 MP: 3/3
   301 | D:1      | Reached XP level 2. HP: 7/19 MP: 0/5
   702 | D:1      | Slain by a jackal

Vault maps used:
D:1:      scummos_arrival_checkerplants

Action                   || total
-------------------------++-------
Melee: Unarmed           ||    45
       Bite              ||     4
 Cast: Pain              ||    18
  Use: Potion            ||     1
Armor: Robe              ||    15
Dodge: Dodged            ||    33

Table legend:
 A = Spawn XP
 B = Non-spawn XP
 C = Spawn XP percentage of total XP
 D = Spawn monster count
 E = Non-spawn monster count
 F = Spawn count percentage of total count
 G = Total turns spent on level
                    A         B        C        D         E        F      G
               +---------+---------+-------+---------+---------+-------+---------
         Total |       0 |      22 |   0.0 |       0 |      14 |   0.0 |   702
               +---------+---------+-------+---------+---------+-------+---------
           D:1 |       0 |      22 |   0.0 |       0 |      14 |   0.0 |   702
               +---------+---------+-------+---------+---------+-------+---------
